[Event "*** Titled Tuesday Blitz"]
[Site "Chess.com"]
[Date "2019.03.05"]
[Round "6"]
[White "AdrianaNikolova"]
[Black "INLOVEWITHF"]
[Result "1-0"]
[WhiteElo "2438"]
[BlackElo "2284"]
[TimeControl "180+2"]
[EndTime "14:23:33 PST"]
[Termination "AdrianaNikolova won by checkmate"]

1. d4 Nf6 2. Bf4 g6 3. Nc3 c5 4.
d5 Bg7 5. e4 d6 6. Qd2 h6 7. h4 a6 8. a4 O-O 9. Bxh6 e6 10.
Bxg7 Kxg7 11. dxe6 fxe6 12. O-O-O b5 13. Qxd6 Qa5 14.
Qe7+ Rf7 15. Qxc5 Nbd7 16. Qg5 Nh7 17. Qe3 b4 18. Nb1 Qxa4 19. h5 g5 20. h6+ Kh8 21. Nf3 Qa5 22. Bc4 Re7 23. Rh5 Ndf6 24. Rxg5 Nxg5 25. Nxg5 Bb7 26. e5 Nd5 27. Qf3 Qd8 28. Bxd5 Bxd5 29. Qf6+ Kg8 30. h7+ Rxh7 31. Nxh7 Kxh7 32.
Rh1+ Kg8 33. Rh8# 1-0

[Event "*** Titled Tuesday Blitz"]
[Site "Chess.com"]
[Date "2019.03.05"]
[Round "6"]
[White "Hikaru"]
[Black "Orange_Ghost"]
[Result "1-0"]
[WhiteElo "3131"]
[BlackElo "2558"]
[TimeControl "180+2"]
[EndTime "14:23:38 PST"]
[Termination "Hikaru won by checkmate"]

1. Nf3 Nf6 2. b3 g6 3. Bb2 Bg7 4. d4 O-O 5. e3 d5 6. c4 c6 7.
Nbd2 b6 8. Bd3 Bb7 9. O-O Nbd7 10. Rc1 Rc8 11. Qe2 e6 12. e4 dxe4 13. Bxe4 Qc7 14. c5 Rfd8 15. b4 Nxe4 16. Nxe4 Nf6 17. Nxf6+ Bxf6 18. d5 Bxb2 19. d6 Bxc1 20. dxc7 Rxc7 21. Rxc1 Rcd7 22.
h4 Kg7 23. Ne5 Rd5 24. h5 f6 25. h6+ Kf8 26. Nc4 Ke7 27. Nd6 Re5 28. Qf3 Ba8 29. Qa3 Rd7 30. b5 bxc5 31. Nc4 Rg5 32. b6 Rg4 33. Qxc5+ Kd8 34. Qf8# 1-0

[Event "*** Titled Tuesday Blitz"]
[Site "Chess.com"]
[Date "2019.03.05"]
[Round "6"]
[White "ALEXJR20"]
[Black "Siemba"]
[Result "0-1"]
[WhiteElo "2169"]
[BlackElo "2104"]
[TimeControl "180+2"]
[EndTime "14:23:38 PST"]
[Termination "Siemba won by resignation"]

1. Nf3 Nf6 2. g3 g6 3. Bg2 Bg7 4. O-O O-O 5. d3 d6 6. e4 c5 7. c3 Nc6 8. Re1 Rb8 9. a4 a6 10. d4 cxd4 11. cxd4 d5 12. e5 Ne4 13. Nc3 Nxc3 14. bxc3 b5 15. axb5 axb5 16. Ba3 b4 17. cxb4 Nxb4 18. Rb1 Qa5 19. Bxb4 Rxb4 20. Qd2 Ra4 21.
Qxa5 Rxa5 22. Rec1 Bf5 23. Rb7 Bh6 24. Re1 e6 25. h3 Ra2 26. g4 Be4 27. Nh2 Bxg2 28. Kxg2 Rc8 29. h4 Rcc2 30. g5 Rxf2+ 31. Kg1 Rg2+ 32.
Kh1 Rxh2+ 33. Kg1 Bf8 34. Rb8 Rag2+ 35. Kf1 Rh1+ 36. Kxg2 Rxe1 37. Kf3 Re4 0-1

[Event "*** Titled Tuesday Blitz"]
[Site "Chess.com"]
[Date "2019.03.05"]
[Round "6"]
[White "SF-96"]
[Black "Barcelona_Guy"]
[Result "0-1"]
[WhiteElo "2572"]
[BlackElo "2732"]
[TimeControl "180+2"]
[EndTime "14:23:42 PST"]
[Termination "Barcelona_Guy won by resignation"]

1. e4 e5 2. Nf3 Nc6 3. Bb5 a6 4.
Ba4 b5 5. Bb3 g6 6. d4 exd4 7.
Bg5 Be7 8. Bxe7 Qxe7 9. O-O Nf6 10. e5 Nh5 11. Nxd4 Nxd4 12. Qxd4 Bb7 13. a4 c5 14. Qd2 c4 15. Ba2 O-O 16. Re1 Rad8 17. Nc3 Qc5 18. axb5 axb5 19. Qd6 Qxd6 20. exd6 Bc6 21.
Re5 Rfe8 22. Rc5 Ra8 23. Nxb5 Bxb5 24. Rxb5 Rxa2 25. Rd1 Re6 26. Rb7 Rxd6 0-1

[Event "*** Titled Tuesday Blitz"]
[Site "Chess.com"]
[Date "2019.03.05"]
[Round "6"]
[White "LawrenceTrent"]
[Black "Msb2"]
[Result "1-0"]
[WhiteElo "2545"]
[BlackElo "2776"]
[TimeControl "180+2"]
[EndTime "14:23:43 PST"]
[Termination "LawrenceTrent won by resignation"]

1. d4 d5 2. Bg5 f6 3. Bc1 c5 4. c4 cxd4 5. Qxd4 Nc6 6. Qxd5 Qxd5 7. cxd5 Nb4 8. Na3 Nxd5 9. e4 Nb4 10. Bd2 e5 11. Nf3 Bd7 12. Bc4 Bd6 13. O-O Ne7 14.
Rfd1 Nec6 15. Nb5 Bb8 16. a3 Nc2 17. Rac1 N2d4 18. Nbxd4 exd4 19. Bd5 Be5 20. Nxe5 fxe5 21. f4 Rd8 22. f5 Rc8 23. Be1 Ke7 24. Bg3 Kd6 25. Bxc6 Rxc6 26. Rxd4+ Ke7 27. Rxc6 Bxc6 28. Bxe5 Rd8 29. f6+ gxf6 30. Bxf6+ Ke6 1-0

[Event "*** Titled Tuesday Blitz"]
[Site "Chess.com"]
[Date "2019.03.05"]
[Round "6"]
[White "wanyaland"]
[Black "LaughingTiger"]
[Result "1-0"]
[WhiteElo "2142"]
[BlackElo "2135"]
[TimeControl "180+2"]
[EndTime "14:23:48 PST"]
[Termination "wanyaland won by resignation"]

1. d4 Nf6 2. c4 g6 3. Nf3 Bg7 4. g3 d6 5. Bg2 O-O 6. Nc3 Nc6 7.
O-O Bd7 8. Bf4 Re8 9. d5 Na5 10. b3 Nh5 11. Bd2 a6 12. e4 e5 13. dxe6 Bxe6 14. Rc1 Nc6 15. h3 Qd7 16. Kh2 Ne5 17. Nd4 Nxc4 18. Nxe6 Nxd2 19. Nxg7 Nxf1+ 20. Bxf1 Nxg7 21. Nd5 Qd8 22. Nxc7 Rxe4 23. Bg2 Re6 24. Nxe6 Nxe6 25.
Bxb7 Ra7 26. Bd5 Rc7 27. Bc4 d5 28. Bxa6 Rxc1 29. Qxc1 Qb6 30. Qc8+ Kg7 31. Kg2 d4 32. Bc4 Nc5 33. Qe8 Qb7+ 34. Kg1 Qc7 35. a4 Nxa4 36. Qxa4 d3 37. Bxd3 Qc1+ 38. Bf1 Qd2 39. b4 1-0

[Event "*** Titled Tuesday Blitz"]
[Site "Chess.com"]
[Date "2019.03.05"]
[Round "6"]
[White "SantoBlue"]
[Black "Marcus_Harvey"]
[Result "1-0"]
[WhiteElo "2717"]
[BlackElo "2593"]
[TimeControl "180+2"]
[EndTime "14:23:52 PST"]
[Termination "SantoBlue won by resignation"]

1. e4 e6 2. d4 d5 3. Nd2 h6 4. Ngf3 Nf6 5. Bd3 c5 6. dxc5 Nc6 7. Qe2 Bxc5 8. a3 dxe4 9. Nxe4 Nxe4 10. Bxe4 Nd4 11. Nxd4 Qxd4 12. O-O O-O 13. Rd1 Qf6 14. Qf3 Qxf3 15. Bxf3 a5 16. Bf4 Ra6 17. Bc7 a4 18.
Rd2 b5 19. Rad1 b4 20. axb4 Bxb4 21. c3 Be7 22. Be2 Ra7 23. Bf4 a3 24. bxa3 Rxa3 25. c4 f6 26. c5 Bxc5 27. Rc2 Be7 28. Bc1 Ra7 29. Be3 Rd7 30. Rdc1 Bb7 31. Bb5 Rd5 32. Rc7 Rxb5 33. Rxe7 Rc8 34. Rxc8+ Bxc8 35. Re8+ Kf7 36. Rxc8 e5 37. Rc1 Kg6 38. h3 h5 39. Rc7 h4 40.
Bc5 Rb1+ 41. Kh2 Kh7 42. Bf8 1-0

[Event "*** Titled Tuesday Blitz"]
[Site "Chess.com"]
[Date "2019.03.05"]
[Round "6"]
[White "JonahWillow"]
[Black "Slovak_fighter2000"]
[Result "1-0"]
[WhiteElo "2671"]
[BlackElo "2474"]
[TimeControl "180+2"]
[EndTime "14:23:55 PST"]
[Termination "JonahWillow won by resignation"]

1. e4 e6 2. d4 d5 3. Nd2 dxe4 4. Nxe4 Nd7 5. Nf3 Ngf6 6. Nxf6+ Nxf6 7. Ne5 Be7 8. Bd3 c5 9. O-O O-O 10. dxc5 Bxc5 11.
Bg5 h6 12. Bh4 Be7 13. Qf3 Qa5 14. Rfe1 Qd5 15. Qg3 Nh5 16. Qg4 Bxh4 17. Qxh4 Nf6 18. Rad1 Kh8 19. Bg6 Qxa2 20. Nxf7+ Rxf7 21. Bxf7 Bd7 22.
Re3 Rf8 23. Bg6 Qxb2 24. Red3 Qb5 25. c4 Qc6 26. Rd6 Qc8 27. Bb1 Bc6 28. Qg3 Qe8 29.
Qe5 Qh5 30. Qxh5 Nxh5 31. Rd8 Kg8 32. Bh7+ Kxh7 33. Rxf8 Nf4 34. Rxf4 1-0

[Event "*** Titled Tuesday Blitz"]
[Site "Chess.com"]
[Date "2019.03.05"]
[Round "6"]
[White "Hangar-18"]
[Black "SimonKnightRivendell"]
[Result "1-0"]
[WhiteElo "1988"]
[BlackElo "1991"]
[TimeControl "180+2"]
[EndTime "14:23:59 PST"]
[Termination "Hangar-18 won by resignation"]

1. g3 Nf6 2. Bg2 g6 3. Nf3 Bg7 4. O-O d5 5. d4 c6 6. Nbd2 O-O 7. Re1 Bf5 8. h3 Qc8 9. Kh2 Ne4 10. Nxe4 Bxe4 11.
c4 Na6 12. Qb3 Nc7 13. Bg5 Re8 14. Rad1 dxc4 15. Qxc4 Bd5 16. Qc2 f5 17. b3 Nb5 18.
Bc1 Nd6 19. Ne5 Bxg2 20. Kxg2 Ne4 21. f3 Nf6 22. Qc4+ e6 23. Bg5 h6 24. Bxf6 Bxf6 25.
Nxg6 Kf7 26. Nf4 Rg8 27. Kf2 b5 28. Qc5 Qc7 29. d5 Rxg3 30. dxe6+ Kg7 31. Rd7+ Qxd7 32. exd7 Rg5 33. Ne6+ Kg6 34. Nxg5 1-0

[Event "*** Titled Tuesday Blitz"]
[Site "Chess.com"]
[Date "2019.03.05"]
[Round "6"]
[White "jocmil"]
[Black "W_Amadeus"]
[Result "0-1"]
[WhiteElo "2426"]
[BlackElo "2631"]
[TimeControl "180+2"]
[EndTime "14:24:14 PST"]
[Termination "W_Amadeus won by resignation"]

1. b3 d6 2. Bb2 e5 3. g3 g6 4. Bg2 Bg7 5. e3 Ne7 6. Ne2 O-O 7. O-O d5 8. f4 Nbc6 9. fxe5 Nxe5 10. Nbc3 c5 11. Nf4 d4 12. exd4 cxd4 13. Ne4 Bg4 14. Qe1 Rc8 15. Rc1 Re8 16. Qf2 Bf5 17. d3 Ng4 18.
Qf3 Ne3 19. Nf2 Nxf1 20. Kxf1 Nc6 21. g4 Bd7 22. Ne4 Ne5 23. Qg3 Nxg4 24. Bh3 Ne3+ 25. Kg1 Bxh3 26. Qxh3 Rxc2 27. Rxc2 Nxc2 28. Qg3 Nb4 29.
Qg2 Rxe4 30. dxe4 d3 31. Bxg7 d2 0-1

[Event "*** Titled Tuesday Blitz"]
[Site "Chess.com"]
[Date "2019.03.05"]
[Round "6"]
[White "NeverEverForever1990"]
[Black "jbj"]
[Result "0-1"]
[WhiteElo "2360"]
[BlackElo "2592"]
[TimeControl "180+2"]
[EndTime "14:24:14 PST"]
[Termination "jbj won by resignation"]

1. d4 Nf6 2. c4 e6 3. Nf3 b6 4.
g3 Bb7 5. Bg2 Bb4+ 6. Nbd2 O-O 7. O-O a5 8. a3 Bxd2 9. Qxd2 d6 10. b3 Nbd7 11. Bb2 Ne4 12. Qe3 Qc8 13. Rfd1 Ndf6 14. Ne1 d5 15. Nd3 dxc4 16. bxc4 Nd6 17. Bxb7 Qxb7 18.
c5 Nc4 19. Qc1 Nxb2 20. Qxb2 Rab8 21. cxb6 cxb6 22. Qb5 Rfd8 23. Ne5 Rd5 24. Qc6 Qa6 25. Qc7 Rf8 26. Nc6 Rd7 27. Qe5 h5 28. Rac1 Qb7 29. Qf4 Rc8 30. Ne5 Rdc7 31. Rxc7 Qxc7 32. e4 Qc2 33.
Rd3 Qc1+ 34. Qxc1 Rxc1+ 35. Kg2 Nxe4 36. Rb3 Rc2 37. Kf3 Nd2+ 0-1

[Event "*** Titled Tuesday Blitz"]
[Site "Chess.com"]
[Date "2019.03.05"]
[Round "6"]
[White "XiaoKangZhong"]
[Black "Walter_White_Poland"]
[Result "0-1"]
[WhiteElo "2093"]
[BlackElo "2207"]
[TimeControl "180+2"]
[EndTime "14:24:19 PST"]
[Termination "Walter_White_Poland won by checkmate"]

1. e4 e5 2. Nf3 Nc6 3. Bc4 Nf6 4. d3 d5 5. exd5 Nxd5 6. O-O Nb6 7.
Bb3 Bg4 8. Re1 Qe7 9. h3 Bh5 10. g4 Bg6 11. Qe2 f6 12. Nh4 O-O-O 13. c3 Bxd3 14. Qe3 Qc5 15. Qxc5 Bxc5 16. Be3 Bxe3 17. Rxe3 Bc4 18. Nf3 Bxb3 19. axb3 Rd1+ 20. Re1 Rhd8 21. Na3 Rxa1 22. Rxa1 Nd5 23. Kf1 Nf4 24. h4 e4 25. Nd4 Nxd4 26. cxd4 Rxd4 27. Nb5 Rd2 28. Nxa7+ Kd7 29. Nb5 Nd3 30. Ra7 Rxf2+ 31.
Kg1 e3 32. Rxb7 e2 33. Rxc7+ Kd8 34. Rc1 Rf4 35. Nd4 Rxg4+ 36. Kh2 Rxd4 37. Re1 Nxe1 38.
b4 Nd3 39. b3 e1=Q 40. h5 Qf2+ 41. Kh3 Rh4# 0-1

[Event "*** Titled Tuesday Blitz"]
[Site "Chess.com"]
[Date "2019.03.05"]
[Round "6"]
[White "kosya4ok"]
[Black "bootstar"]
[Result "1-0"]
[WhiteElo "2681"]
[BlackElo "2606"]
[TimeControl "180+2"]
[EndTime "14:24:23 PST"]
[Termination "kosya4ok won by checkmate"]

1. e4 c5 2. Nf3 Nc6 3. d4 cxd4 4.
Nxd4 e5 5. Nb5 d6 6. c4 Be6 7.
N1c3 a6 8. Na3 Be7 9. Be2 Bg5 10. O-O Bxc1 11. Rxc1 Nge7 12. Nc2 O-O 13. Qd2 Ng6 14. Rfd1 Nf4 15. Bf1 Qg5 16. Kh1 Rad8 17. Nd5 h6 18. b3 Qg6 19. Nxf4 exf4 20. Qxf4 Rfe8 21. Ne3 Nb4 22. Rd2 b5 23. cxb5 axb5 24. Bxb5 Rf8 25. a3 Rb8 26. Bf1 Na2 27. Rxa2 Rxb3 28. Rd2 Rxa3 29.
Rxd6 Ra4 30. f3 Qh5 31. Nf5 Ra2 32. Rxe6 fxe6 33. Ne7+ Kh7 34. Qxf8 Ra8 35. Qxa8 Qg5 36. Qg8# 1-0

[Event "*** Titled Tuesday Blitz"]
[Site "Chess.com"]
[Date "2019.03.05"]
[Round "6"]
[White "Poghosyan_Suren"]
[Black "Salem-AR"]
[Result "0-1"]
[WhiteElo "2485"]
[BlackElo "2909"]
[TimeControl "180+2"]
[EndTime "14:24:28 PST"]
[Termination "Salem-AR won by resignation"]

1. d4 Nf6 2. Nf3 g6 3. Bf4 Bg7 4. e3 O-O 5. c3 d6 6. h3 Nc6 7. Bc4 Nd7 8. O-O e5 9. Bh2 Kh8 10. Nbd2 f5 11. b4 Qe7 12. Rc1 g5 13. Bd5 Nb6 14.
Bxc6 bxc6 15. a4 e4 16. Ne1 a5 17. b5 c5 18. dxc5 dxc5 19. f4 exf3 20. Qxf3 Be6 21. c4 Rad8 22. Rf2 Nxa4 23. Qc6 Bg8 24. Qxc7 Qxe3 25.
Qxa5 Nc3 26. Nc2 Ne2+ 27. Kf1 Qxd2 28. Qxd2 Rxd2 29. Ke1 Nxc1 30. Rxd2 Bxc4 31. b6 Bc3 32.
Kd1 Bxd2 33. Be5+ Kg8 34. Kxd2 Nd3 35. Bd6 Ba6 36. Bxf8 Kxf8 37. b7 Bxb7 38. Kxd3 Be4+ 39.
Kc3 Bxc2 40. Kxc2 Ke7 41. Kd3 Kd6 0-1

[Event "*** Titled Tuesday Blitz"]
[Site "Chess.com"]
[Date "2019.03.05"]
[Round "6"]
[White "JoachimMouhamad"]
[Black "calemcc"]
[Result "1-0"]
[WhiteElo "2320"]
[BlackElo "2230"]
[TimeControl "180+2"]
[EndTime "14:24:30 PST"]
[Termination "JoachimMouhamad won by checkmate"]

1. e4 e6 2. d4 d5 3. Nc3 Nf6 4. e5 Nfd7 5. f4 c5 6. Nf3 a6 7.
Be3 Nc6 8. Qd2 cxd4 9. Nxd4 Bc5 10. O-O-O O-O 11. h4 Nxd4 12. Bxd4 b5 13. Bxc5 Nxc5 14. Bd3 b4 15. Ne2 a5 16. Nd4 Qc7 17. Kb1 Ba6 18.
Rhe1 b3 19. f5 bxa2+ 20. Ka1 Bxd3 21. cxd3 Rfb8 22. f6 Qb6 23. Rc1 Nxd3 24. Re2 Nxc1 25. Qg5 Kf8 26. Qxg7+ Ke8 27. Qg8+ Kd7 28. Qxf7+ Kd8 29.
Qe7+ Kc8 30. Rc2+ Qc6 31. Rxc6# 1-0

[Event "*** Titled Tuesday Blitz"]
[Site "Chess.com"]
[Date "2019.03.05"]
[Round "6"]
[White "Ar4uha"]
[Black "nochewycandy"]
[Result "1-0"]
[WhiteElo "2483"]
[BlackElo "2384"]
[TimeControl "180+2"]
[EndTime "14:24:33 PST"]
[Termination "Ar4uha won by resignation"]

1. e4 g6 2. d4 Bg7 3. Nc3 d6 4. h4 Nf6 5. Be2 h5 6. Nf3 Nc6 7.
d5 Nb8 8. Ng5 c6 9. dxc6 Nxc6 10. Be3 O-O 11. Qd2 Qa5 12. O-O-O Bd7 13. Kb1 Rfc8 14. Nd5 Qxd2 15. Rxd2 Nxd5 16. exd5 Ne5 17. b3 Bf5 18. Bd4 Ng4 19. Bxg7 Kxg7 20. Bxg4 Bxg4 21. Re1 Rc7 22. Kb2 b5 23. c3 Rac8 24. Re3 a5 25.
Rd4 f6 26. Ne4 Kf7 27. Nd2 Bf5 28. f3 Ra8 29. a4 bxa4 30. Rxa4 Rc5 31. c4 Rb8 32. Kc3 Bd7 33. Ra3 Rbc8 34. Kd4 Rb8 35. Kc3 Bf5 36. Re1 Rbc8 37. Kd4 Rb8 38. Rea1 Bc2 39. Rxa5 Rxa5 40. Rxa5 Bxb3 41. Rb5 Rxb5 42. cxb5 Ba4 43. b6 Bc6 44. dxc6 1-0

[Event "*** Titled Tuesday Blitz"]
[Site "Chess.com"]
[Date "2019.03.05"]
[Round "6"]
[White "MITerryble"]
[Black "leoo2001"]
[Result "1-0"]
[WhiteElo "2817"]
[BlackElo "2700"]
[TimeControl "180+2"]
[EndTime "14:24:35 PST"]
[Termination "MITerryble won by resignation"]

1. d4 Nf6 2. Nf3 g6 3. Bg5 Bg7 4. Nbd2 d5 5. c3 O-O 6. e3 c6 7. Be2 Bf5 8. O-O Nbd7 9. Qb3 Qb6 10. c4 Rfc8 11. Rac1 Qxb3 12. Nxb3 h6 13. Bh4 g5 14.
Bg3 Ne4 15. cxd5 cxd5 16. Na5 Nxg3 17. hxg3 Rab8 18. Nd2 Nb6 19. b3 e5 20. Nf3 e4 21.
Ne5 Bxe5 22. dxe5 Nd7 23. Rxc8+ Rxc8 24. Nxb7 Rc2 25. Bb5 Nxe5 26. a4 Kf8 27. Nd6 Be6 28. Rd1 Ke7 29. Nb7 Ng4 30. Rf1 h5 31. b4 Ne5 32. Nc5 Rb2 33. Rc1 Rxb4 34. Kf1 h4 35. gxh4 gxh4 36. Be2 Bf5 37. a5 Kd6 38. a6 Bc8 1-0

[Event "*** Titled Tuesday Blitz"]
[Site "Chess.com"]
[Date "2019.03.05"]
[Round "6"]
[White "Sashadav97"]
[Black "GianmarcoVaR"]
[Result "0-1"]
[WhiteElo "2619"]
[BlackElo "2501"]
[TimeControl "180+2"]
[EndTime "14:24:39 PST"]
[Termination "GianmarcoVaR won by resignation"]

1. d4 Nf6 2. c4 e6 3. Nc3 Bb4 4.
e3 O-O 5. Nf3 c5 6. Bd3 Nc6 7. O-O Bxc3 8. bxc3 d6 9. h3 e5 10. dxe5 Nxe5 11. Be2 Be6 12. Nd2 d5 13. f4 Nxc4 14. Nb3 Qe7 15. Qe1 Rfe8 16. Qf2 Ne4 17. Qf3 Nxc3 18. Bd3 f5 19. g4 Rf8 20. Nd2 fxg4 21. hxg4 Bxg4 22. Bxh7+ Kxh7 23. Qxg4 Qxe3+ 24. Kg2 Nxd2 25. Bxd2 Qxd2+ 26. Rf2 Qd3 27. Rh1+ Kg8 28. Qe6+ Rf7 29. Rf3 Qe2+ 30. Qxe2 Nxe2 0-1

[Event "*** Titled Tuesday Blitz"]
[Site "Chess.com"]
[Date "2019.03.05"]
[Round "6"]
[White "Lennis93"]
[Black "DrRiebert"]
[Result "0-1"]
[WhiteElo "2225"]
[BlackElo "2435"]
[TimeControl "180+2"]
[EndTime "14:24:47 PST"]
[Termination "DrRiebert won by checkmate"]

1. e4 c5 2. Nf3 Nc6 3. c3 Nf6 4.
e5 Nd5 5. Bc4 Nb6 6. Bb3 c4 7.
Bc2 Qc7 8. O-O g5 9. d4 cxd3 10. Bb3 g4 11. Ng5 Nxe5 12. Bf4 d5 13. Re1 Bg7 14. a4 h6 15. Nxf7 Kxf7 16. Na3 Nbc4 17.
Nb5 Qd7 18. Bxe5 Nxe5 19. Qd2 Rf8 20. Nd4 Kg8 21. a5 e6 22. Re3 Nc4 23. Bxc4 dxc4 24. Nxe6 Qxe6 25. Rxe6 Bxe6 26. Qe3 Rae8 27. Qxa7 Bd5 28.
Qc5 Rf5 29. Rf1 d2 30. f4 gxf3 31. gxf3 Re1 32. Qc8+ Rf8 33. Qd7 d1=Q 34. Qh3 Rxf1+ 35. Qxf1 Qxf1+ 36. Kxf1 Rxf3+ 37. Ke2 Rh3 38. Kf2 Rxh2+ 39. Ke3 Rxb2 40. a6 bxa6 41. Kf4 Bf7 42. Ke4 a5 43. Kf5 a4 44. Ke4 a3 45. Kf3 a2 46. Kg3 a1=Q 47. Kf4 Qc1+ 48. Kf3 Qxc3+ 49. Kg4 Rg2+ 50. Kh4 Qg3# 0-1

[Event "*** Titled Tuesday Blitz"]
[Site "Chess.com"]
[Date "2019.03.05"]
[Round "6"]
[White "Genghis_K"]
[Black "vugarrasulov"]
[Result "0-1"]
[WhiteElo "2841"]
[BlackElo "2774"]
[TimeControl "180+2"]
[EndTime "14:24:50 PST"]
[Termination "vugarrasulov won on time"]

1. d4 Nf6 2. Bf4 g6 3. Nf3 Bg7 4. e3 O-O 5. Be2 d6 6. h3 Nfd7 7. O-O e5 8. Bh2 Nc6 9. c4 exd4 10. exd4 Qf6 11. Nc3 Nxd4 12. Nd5 Nxf3+ 13. Bxf3 Qd8 14. Re1 Ne5 15. c5 Be6 16. Nf4 Nxf3+ 17. Qxf3 dxc5 18. Nxe6 fxe6 19. Qxb7 Rb8 20. Qe4 Qd5 21. Qxe6+ Qxe6 22. Rxe6 Rxb2 23. Rf1 Rfxf2 24. Re8+ Kf7 25. Rxf2+ Kxe8 26. Rxb2 Bxb2 27. Bxc7 Kd7 28. Bb8 Kc6 29. Kf1 a6 30. Ke2 Kd5 31. Kd3 Be5 32. Ba7 Bc7 33. Kc3 h5 34. Kd3 h4 35. Kc3 Kc6 36. Kc4 Bd6 37. a4 a5 0-1

[Event "*** Titled Tuesday Blitz"]
[Site "Chess.com"]
[Date "2019.03.05"]
[Round "6"]
[White "Hieronymus00"]
[Black "Blagorod"]
[Result "1-0"]
[WhiteElo "2206"]
[BlackElo "2122"]
[TimeControl "180+2"]
[EndTime "14:24:56 PST"]
[Termination "Hieronymus00 won by resignation"]

1. e4 e5 2. Nf3 Nf6 3. Nxe5 d6 4. Nf3 Nxe4 5. Nc3 Nxc3 6. dxc3 Be7 7. Bf4 Be6 8. Qd2 Nc6 9. O-O-O Qd7 10. Kb1 O-O-O 11. Ng5 Kb8 12. Bb5 a6 13. Nxe6 fxe6 14. Ba4 e5 15.
Bg3 b5 16. Bb3 Na5 17. Bxe5 Nxb3 18. axb3 Qf5 19. Bg3 h5 20. h4 g5 21. Qd5 Qg6 22. Qc6 gxh4 23. Bxh4 Bxh4 24. Rxh4 Qf6 25. Rhd4 Qxf2 26.
Qxa6 Qxg2 27. Rd5 c5 28. Qxb5+ Kc7 29. Qa5+ Kb7 30. b4 Ra8 31. Qb5+ Kc7 32. Rxd6 Rhd8 33. Qb6+ 1-0

[Event "*** Titled Tuesday Blitz"]
[Site "Chess.com"]
[Date "2019.03.05"]
[Round "6"]
[White "chesstatour"]
[Black "Andrew-FB00"]
[Result "1-0"]
[WhiteElo "2012"]
[BlackElo "1843"]
[TimeControl "180+2"]
[EndTime "14:24:58 PST"]
[Termination "chesstatour won by resignation"]

1. c4 Nf6 2. Nc3 e6 3. e4 e5 4. Nf3 d6 5. d4 Nbd7 6. Be2 Be7 7. O-O O-O 8. h3 c5 9. dxe5 dxe5 10.
Be3 Qc7 11. Rc1 a6 12. Nd5 Nxd5 13. cxd5 b6 14. b4 Bd6 15. Nd2 Qb7 16. Nc4 Qb8 17. Nxd6 Qxd6 18. bxc5 Nxc5 19. Bxc5 bxc5 20. Qc2 Bd7 21.
Qxc5 Qxc5 22. Rxc5 f6 23. Rfc1 Rfc8 24. Rc7 Kf8 25.
Bg4 Bxg4 26. hxg4 Rxc7 27. Rxc7 Rb8 28. Ra7 Rb6 29. f3 h6 30. Kh2 Rd6 31. Kg3 Rb6 32.
a4 Rd6 33. a5 Kg8 34. Kh4 Kh7 35. Kh5 Kg8 36. Kh4 Kh7 37. Rc7 Kg8 38. Rc6 1-0

[Event "*** Titled Tuesday Blitz"]
[Site "Chess.com"]
[Date "2019.03.05"]
[Round "6"]
[White "Mikhail_Golubev"]
[Black "fyall777"]
[Result "1-0"]
[WhiteElo "2455"]
[BlackElo "2299"]
[TimeControl "180+2"]
[EndTime "14:24:59 PST"]
[Termination "Mikhail_Golubev won on time"]

1. e4 c5 2. Nf3 d6 3. d4 Nf6 4.
Nc3 cxd4 5. Nxd4 a6 6. Bc4 e6 7.
Bb3 Nbd7 8. f4 Nc5 9. O-O Be7 10.
e5 dxe5 11. fxe5 Nxb3 12. axb3 Bc5 13. Be3 Nd5 14. Bf2 Nxc3 15. bxc3 Qc7 16. Qe2 Bd7 17. Rad1 O-O 18. Bh4 Kh8 19. Qh5 Be8 20. Rf6 Be7 21. Rd3 gxf6 22. Rh3 Qxe5 23. Bxf6+ 1-0

[Event "*** Titled Tuesday Blitz"]
[Site "Chess.com"]
[Date "2019.03.05"]
[Round "6"]
[White "vpantev"]
[Black "cherryandmint"]
[Result "1-0"]
[WhiteElo "2644"]
[BlackElo "2621"]
[TimeControl "180+2"]
[EndTime "14:25:00 PST"]
[Termination "vpantev won by resignation"]

1. d4 d5 2. Nf3 Nf6 3. Bf4 c5 4. e3 Nc6 5. Nbd2 Qb6 6. dxc5 Qxb2 7. Nb3 e5 8. Bg5 Bxc5 9. Bxf6 Bb4+ 10. Nfd2 gxf6 11.
Bd3 e4 12. Bb5 Rg8 13. O-O Bh3 14. g3 Bxf1 15. Qxf1 Rc8 16. Rb1 Qe5 17. Qh3 f5 18.
Nd4 Bxd2 19. Nxf5 Kd8 20. Nh6 Rf8 21. Bxc6 bxc6 22. Rb7 Rc7 23. Rb8+ Ke7 24. Nf5+ Kf6 25. g4 Qxf5 26. gxf5 Rxb8 27. Qh4+ Kxf5 28. Qf4+ Ke6 29. Qxc7 Rg8+ 30. Kf1 1-0

[Event "*** Titled Tuesday Blitz"]
[Site "Chess.com"]
[Date "2019.03.05"]
[Round "6"]
[White "Last7Samurai"]
[Black "Koksik_13"]
[Result "1-0"]
[WhiteElo "2692"]
[BlackElo "2637"]
[TimeControl "180+2"]
[EndTime "14:25:02 PST"]
[Termination "Last7Samurai won by resignation"]

1. e4 e6 2. d4 d5 3. Nd2 Nf6 4. e5 Nfd7 5. Bd3 c5 6. c3 Nc6 7. Ne2 cxd4 8. cxd4 f6 9. exf6 Qxf6 10. Nf3 h6 11. O-O Bd6 12. b3 O-O 13. Bb2 Rd8 14.
Ng3 Nf8 15. Ne5 Bd7 16. Nh5 Qe7 17. Qg4 Be8 18. Nf4 Bxe5 19. dxe5 Rac8 20. Rac1 Qg5 21.
Qxg5 hxg5 22. Nh3 g4 23. Ng5 d4 24. Rfe1 Nb4 25. Bc4 Bf7 26. Ne4 Nxa2 27. Ra1 Nc3 28. Bxc3 dxc3 29. Nxc3 a6 30. Ne4 b5 31. Be2 Ng6 32. Nd6 Rc3 33. Nxf7 Kxf7 34. Bxg4 Rd5 35.
Bh5 Rxb3 36. g3 b4 37. Rxa6 Rd7 38. Re4 Rb1+ 39. Kg2 b3 40. Rf4+ Ke7 41. Bxg6 Re1 42. Rf7+ Kd8 43. Ra8+ Kc7 44. Ra7+ Kc6 45. Rfxd7 1-0

[Event "*** Titled Tuesday Blitz"]
[Site "Chess.com"]
[Date "2019.03.05"]
[Round "6"]
[White "mouseWLZ"]
[Black "gmcorrales"]
[Result "0-1"]
[WhiteElo "2494"]
[BlackElo "2702"]
[TimeControl "180+2"]
[EndTime "14:25:03 PST"]
[Termination "gmcorrales won by resignation"]

1. d4 Nf6 2. Nf3 g6 3. g3 Bg7 4.
Bg2 O-O 5. O-O d6 6. Re1 c5 7. e4 cxd4 8. Nxd4 Nc6 9. Nxc6 bxc6 10. e5 dxe5 11. Bxc6 Qxd1 12. Rxd1 Bg4 13. f3 Rac8 14.
Bb7 Rc7 15. fxg4 Rxb7 16. g5 Ne4 17. Re1 Nd6 18. Na3 Rc8 19. c3 f5 20. Re2 e4 21.
Bf4 e5 22. Be3 Bf8 23. Rd1 Nf7 24. Nb1 h6 25. h4 hxg5 26. hxg5 Be7 27. b3 Bxg5 28. c4 Bxe3+ 29. Rxe3 Ng5 30. Nc3 Rh7 31. Rd6 Nf3+ 32. Rxf3 exf3 33. Rxg6+ Kf7 34. Ra6 Rch8 35. Kf2 e4 36. Ke3 Rh2 37. Rxa7+ Kg6 38. g4 fxg4 39. Ra6+ Kh5 40. Nxe4 Re2+ 41. Kf4 Rf8+ 42. Nf6+ Kh4 0-1

[Event "*** Titled Tuesday Blitz"]
[Site "Chess.com"]
[Date "2019.03.05"]
[Round "6"]
[White "BlackBoarder"]
[Black "jmduque"]
[Result "1-0"]
[WhiteElo "2547"]
[BlackElo "2349"]
[TimeControl "180+2"]
[EndTime "14:25:06 PST"]
[Termination "BlackBoarder won by resignation"]

1. e4 e5 2. Nf3 Nc6 3. d4 exd4 4. Bc4 Nf6 5. O-O Nxe4 6. Re1 d5 7. Bxd5 Qxd5 8.
Nc3 Qd7 9. Nxe4 Be7 10. Bg5 O-O 11. Bxe7 Qxe7 12. Nxd4 Bd7 13. Qh5 h6 14. Nc5 Qd6 15. Nb5 Bg4 16. Nxd6 Bxh5 17. Ndxb7 Rab8 18. c3 Bg4 19. b4 Bc8 20. Na5 Nxa5 21. bxa5 Rb5 22. Nb3 Be6 23. Nd4 Rxa5 24. Nxe6 fxe6 25. Rxe6 Ra3 26. Rc6 Rd8 27. h4 Rd2 28. Rxc7 Raxa2 29. Rxa2 Rxa2 30. g4 a5 31. Kg2 a4 32. Rc4 a3 33. Ra4 Ra1 34.
Kf3 a2 35. Kf4 Rc1 36. Rxa2 Rxc3 37. Ke5 Rf3 38. Ke4 Rc3 39. f4 Rc4+ 40. Ke5 Rc5+ 41. Ke6 Rc4 42. Kf5 Rc5+ 43. Ke6 Rc6+ 44. Kd5 Rb6 45.
Rc2 Kh7 46. f5 Rb4 47. Rc4 Rb1 48. Ke5 Re1+ 49. Re4 Rh1 50. g5 hxg5 51. hxg5 Rh2 52. Ke6 Rh1 53. Kf7 Rh5 54. Re1 Rh4 55. Re8 Rh5 56. g6+ 1-0